 Dungeon Crawl Stone Soup version 0.18-a0-29-gce27f3c (webtiles) character file.

58 Hanyuu the Insei (level 4, 0/29 HPs)
             Began as an Octopode Transmuter on Nov 4, 2015.
             Succumbed to an adder's poison
             ... on level 2 of the Dungeon.
             The game lasted 00:04:54 (1702 turns).

Hanyuu the Insei (Octopode Transmuter)              Turns: 1702, Time: 00:04:54

Health: 0/29       AC:  1    Str: 14    XL:     4   Next: 1%
Magic:  7/7        EV: 12    Int: 16    God:
Gold:   41         SH:  0    Dex: 12    Spells: 3 memorised, 1 level left

rFire  . . .     SeeInvis .       - Unarmed
rCold  . . .     Clarity  .     (no shield)
rNeg   . . .     SustAt   .     (helmet restricted)
rPois  .         Gourm    .     (no amulet)
rElec  .         Spirit   .     (no ring)
rCorr  .         Warding  .     (no ring)
rMut   .         Stasis   .     (no ring)
MR     .....                    (no ring)
Stlth  ++........               (no ring)
                                (no ring)
                                (no ring)
                                (no ring)

@: mighty, lethally poisoned (0 -> -9), very slightly contaminated, invisible,
not resistant to hostile enchantments, unstealthy
A: almost no armour, amphibious, 8 rings, constrict 8, camouflage 1, gelatinous
body 1
a: no special abilities


You were on level 2 of the Dungeon.
You were not hungry.

You visited 1 branch of the dungeon, and saw 2 of its levels.

You collected 41 gold pieces.

Inventory:

Missiles
 a - 12 arrows
Scrolls
 d - a scroll of remove curse
Books
 b - a book of Changes

   Spells                             Type                      Level
   a - Beastly Appendage              Transmutation                1
   b - Sticks to Snakes               Transmutation                2
   c - Spider Form                    Transmutation/Poison         3
   d - Ice Form                       Ice/Transmutation            4
   e - Blade Hands                    Transmutation                5
Comestibles
 c - 2 bread rations
 h - a beef jerky
 i - a chunk of flesh


   Skills:
 + Level 1.7 Fighting
 + Level 2.0 Dodging
 + Level 4.2 Unarmed Combat
 - Level 2.0 Spellcasting
 - Level 2.0 Transmutations
 - Level 1.0 Poison Magic


You had one spell level left.
You knew the following spells:

 Your Spells              Type           Power        Failure   Level  Hunger
a - Beastly Appendage     Trmt           #.....       10%         1    #......
b - Sticks to Snakes      Trmt           #.........   14%         2    ###....
c - Spider Form           Trmt/Pois      #.........   34%         3    ###....


Dungeon Overview and Level Annotations

Branches:
Dungeon (2/15)

Altars:

Annotations:
D:2 Natasha, Sigmund


Innate Abilities, Weirdness & Mutations

You cannot wear most types of armour.
You are amphibious.
You can wear up to eight rings at the same time.
You can use your tentacles to constrict eight enemies at once.
Your skin changes colour to match your surroundings (Stealth).
Your rubbery body absorbs attacks (AC +1).


Message History

There is a lethal amount of poison in your body!
There is a lethal amount of poison in your body!
There is a lethal amount of poison in your body!
There is a lethal amount of poison in your body!
* * * LOW HITPOINT WARNING * * *
You feel sick.
Things that are here:
a dagger; a kobold corpse
* * * LOW HITPOINT WARNING * * *
You feel sick.
* * * LOW HITPOINT WARNING * * *
You feel sick.
You aren't carrying any potions.
Unknown command.
Read which item? (? for menu, Esc to quit)
Okay, then.
Your tentacle spike disappears.
* * * LOW HITPOINT WARNING * * *
You feel sick.
You die...

#####.# ##.....#.##
....... #.........
.......##.......#
.......)##......###.
.........)..........
.........##.........
......#............$
..>..##.########....
##### #@...# . .
#######.# #...# #.#
. #...###.##....
#...#..........
#..<#.#..###..#
#.....##..# #...#.#
#... #...#..# ....#


There were no monsters in sight!

Vanquished Creatures
  2 adders (D:2)
  2 oozes
  4 bats (D:1)
  3 giant cockroaches
  5 goblins (D:1)
  4 hobgoblins
  3 jackals (D:1)
  5 kobolds
  4 rats (D:1)
32 creatures vanquished.

Notes
Turn   | Place    | Note
--------------------------------------------------------------
     0 | D:1      | Hanyuu the Octopode Transmuter began the quest for the Orb.
     0 | D:1      | Reached XP level 1. HP: 13/13 MP: 3/3
   188 | D:1      | Reached XP level 2. HP: 6/18 MP: 5/5
   817 | D:1      | Reached skill level 4 in Unarmed Combat
   951 | D:1      | Learned a level 2 spell: Sticks to Snakes
   983 | D:1      | Reached XP level 3. HP: 19/23 MP: 4/6
  1010 | D:1      | Learned a level 3 spell: Spider Form
  1040 | D:2      | Noticed Sigmund
  1072 | D:2      | Noticed Natasha
  1575 | D:1      | Reached skill level 1 in Poison Magic
  1694 | D:2      | Reached XP level 4. HP: 7/29 MP: 7/7
  1700 | D:2      | HP: 1/29 [poisoned by an adder]
  1702 | D:2      | Succumbed to an adder's poison

Vault maps used:
D:1:      dpeg_arrival_boxes_within_box
D:2:      overflow_temple_1_default, lexackson_kobold_supper, uniq_natasha,
          uniq_sigmund

Action                   |  1- 3 |  4- 6 || total
-------------------------+-------+-------++-------
Melee: Unarmed           |    76 |       ||    76
 Cast: Beastly Appendage |     4 |       ||     4
  Use: Scroll            |     2 |       ||     2
       Potion            |       |     2 ||     2
 Stab: Sleeping          |     3 |       ||     3
  Eat: Chunk             |     3 |       ||     3
